 Dungeon Crawl Stone Soup version 0.29-a0-352-g0917bc69df (webtiles) character file.

Game seed: 4195398405689795089

244 Dauddaud the Cleaver (level 5, -3/67 HPs)
             Began as a Minotaur Berserker on Apr 23, 2022.
             Was a Priest of Trog.
             Slain by Menkaure (18 damage)
             ... in an ossuary.
             The game lasted 00:06:04 (3178 turns).

Dauddaud the Cleaver (Minotaur Berserker)           Turns: 3178, Time: 00:06:05

Health: -3/67      AC: 11    Str: 23    XL:     5   Next: 83%
Magic:  4/4        EV:  7    Int:  4    God:    Trog [***...]
Gold:   186        SH:  0    Dex: 10    Spells: 4/4 levels left

rFire   . . .      SeeInvis .   a - +0 hand axe
rCold   . . .      Faith    .   (no shield)
rNeg    . . .      Spirit   .   e - +0 plate armour
rPois   .          Reflect  .   (helmet restricted)
rElec   .          Harm     .   (no cloak)
rCorr   .          Rampage  .   (no gloves)
Will    ++...                   (no boots)
Stlth   ..........              f - amulet of regeneration
HPRegen 2.01/turn               (no ring)
MPRegen 0.09/turn               (no ring)

@: berserking, marked, strong-willed, regenerating, very quick
A: horns 2, retaliatory headbutt
a: Renounce Religion, Berserk, Trog's Hand


You were in an ossuary.
You worshipped Trog.
Trog was most pleased with you.
You visited 1 branch of the dungeon, and saw 4 of its levels.
You also visited: Ossuary.

You collected 186 gold pieces.

Inventory:

Hand Weapons
 a - a +0 hand axe (weapon)
Armour
 b - a +0 animal skin
 e - a +0 plate armour (worn)
Jewellery
 f - an amulet of regeneration (around neck)
Wands
 p - a wand of digging (7)
Scrolls
 c - a scroll of blinking
 g - 4 scrolls of amnesia
 h - 2 scrolls of identify
 l - a scroll of teleportation
 n - a scroll of enchant weapon {unknown}
Potions
 d - a potion of ambrosia {unknown}
 i - a potion of resistance {unknown}
 j - 2 potions of attraction {unknown}
 k - a potion of haste {unknown}
 m - 2 potions of flight {unknown}
 o - a potion of magic {unknown}


   Skills:
 - Level 3.6 Fighting
 + Level 8.0 Axes
 - Level 2.4 Armour
 - Level 2.1 Dodging


You had 4 spell levels left.
You didn't know any spells.
Your spell library was empty.

Dungeon Overview and Level Annotations

Branches:
Dungeon (4/15)            Ossuary (1/1)
 Temple: D:4-7

Altars:
Ashenzari
Okawaru

Annotations:
Ossuary Menkaure


Innate Abilities, Weirdness & Mutations

You have a pair of horns on your head.
You reflexively headbutt those who attack you in melee.


Message History

Menkaure, Prince of Dust comes into view.
The mummy hits you but does no damage.
You closely miss the mummy.
The mummy is moderately damaged.
You hit the mummy. Your headbutt misses the mummy.
The mummy is heavily damaged.
You hit the rat skeleton. The mummy completely misses you.
You furiously retaliate!
You headbutt the mummy.
Your skin crawls.
You feel strong-willed.
The rat skeleton bites you but does no damage.
You hit the mummy but do no damage.
The mummy is severely damaged.
You hit the rat skeleton but do no damage.
Menkaure calls on the powers of darkness!
Your body is wracked with pain!
The rat skeleton closely misses you.
The mummy pulls the alarm!
The alarm trap emits a blaring wail!
The mark upon you grows brighter.
A red film seems to cover your vision as you go berserk!
You feel yourself moving faster!
You feel mighty!
Menkaure calls on the powers of darkness!
Your body is wracked with pain!
* * * LOW HITPOINT WARNING * * *
The rat skeleton bites you but does no damage.
You slash the mummy!
You destroy the mummy!
Trog accepts your kill.
You slash the rat skeleton!
You destroy the rat skeleton!
Trog accepts your kill.
Your Axes skill increases to level 8!
Menkaure calls on the powers of darkness!
Your body is wracked with pain!
* * * LOW HITPOINT WARNING * * *
You completely miss Menkaure. You barely miss Menkaure. You headbutt Menkaure.
Menkaure is lightly damaged.
Menkaure hits you!!
You die...

##..##..####..##..##
##..##..######..##..#
##^.##..##....##..##..
##..##..##.^##..##..##.
##..##..##..####..##..##
##..##..##..## ##..##..#
##..##..##..## ##..##..
##..##..##..## ##..##.
##..##..##.@## ##..##
##..##..##.M## ##..#
##..##..##..# ##.. ##..##..##..#
##. ##..##..##.^. ##
##..##..#########################
#..##............................
..###############################
.................................


You could see Menkaure.

Vanquished Creatures
  2 iguanas (D:4)
  An orc wizard (D:4)
  A mummy (Ossuary)
  6 adders
  A worm (D:2)
  A dart slug (D:2)
  4 orcs
  3 ball pythons (D:1)
  6 endoplasms
  3 giant cockroaches
  4 gnoll zombies (Ossuary)
  8 goblins
  7 hobgoblins
  2 quokkas
  6 bats
  5 frilled lizards
  3 gnoll skeletons (Ossuary)
  2 goblin skeletons (Ossuary)
  2 goblin zombies (Ossuary)
  4 hobgoblin skeletons (Ossuary)
  5 hobgoblin zombies (Ossuary)
  2 kobolds
  5 kobold skeletons (Ossuary)
  4 kobold zombies (Ossuary)
  7 orc skeletons (Ossuary)
  4 orc zombies (Ossuary)
  2 rats
  4 rat skeletons (Ossuary)
  2 rat zombies (Ossuary)
106 creatures vanquished.

Notes
Turn   | Place    | Note
-------+----------+-------------------------------------------
     0 | D:1      | Dauddaud the Minotaur Berserker began the quest for the
                  | Orb.
     0 | D:1      | Reached XP level 1. HP: 19/19 MP: 0/0
    72 | D:1      | Reached skill level 4 in Axes
   171 | D:1      | Reached XP level 2. HP: 25/26 MP: 1/1
   216 | D:1      | Found a faded altar of an unknown god.
   795 | D:2      | Found an iron altar of Okawaru.
   852 | D:2      | Reached skill level 5 in Axes
   940 | D:2      | Reached XP level 3. HP: 24/31 MP: 2/2
  1108 | D:2      | Reached ** piety under Trog
  1406 | D:2      | Reached skill level 6 in Axes
  1406 | D:2      | Reached XP level 4. HP: 39/39 MP: 3/3
  2115 | D:3      | Found a broken altar of Ashenzari.
  2675 | D:4      | Reached XP level 5. HP: 23/45 MP: 4/4
  2739 | D:4      | Reached skill level 7 in Axes
  2867 | D:4      | Found a sand-covered staircase.
  2879 | Ossuary  | Entered an ossuary
  2991 | Ossuary  | Reached *** piety under Trog
  3169 | Ossuary  | Noticed Menkaure
  3176 | Ossuary  | Reached skill level 8 in Axes
  3178 | Ossuary  | Slain by Menkaure

Illustrated notes

Levels and vault maps discovered:
D:1:      eino_arrival_water_cross, layout_basic,
          ebering_ecumenical_altar_petrified, kennysheep_doodads
D:2:      layout_loops_corners, basic_altar
D:3:      layout_basic, evilmike_ruin_ashenzari, chequers_serial_rivers_room_a,
          st_stairs_13, eino_tiny_chamber, grunt_ministairs_9
D:4:      layout_rooms, lightli_ossuary_entry_decrepit_ruins,
          minmay_fountain_box, serial_park_tiny_1, minmay_misc_feat_hallway
Ossuary:  ossuary_due_pyramid

Skill      XL: |  1  2  3  4  5 |
---------------+----------------+-----
Axes           | 4 5 6 8 |  8.0
Fighting       | |  3.6
Armour         | |  2.4
Dodging        | |  2.1

Action                   |  1- 3 |  4- 6 || total
-------------------------+-------+-------++-------
Melee: Hand axe          |    60 |   160 ||   220
       Headbutt          |     9 |    31 ||    40
       Punch             |       |     4 ||     4
Invok: Trog's Hand       |     1 |     1 ||     2
       Berserk           |       |     1 ||     1
  Use: Scroll            |       |     3 ||     3
Armor: Plate armour      |    56 |    60 ||   116
       Animal skin       |     5 |       ||     5
Dodge: Dodged            |    24 |    39 ||    63

Table legend: (Time is in decaauts)
 A = Elapsed time spent in this place.
 B = Non-inter-level travel time spent in this place.
 C = Inter-level travel time spent in this place.
 D = Time resting spent in this place.
 E = Time spent auto-exploring this place.
 F = Levels seen in this place.
 G = Mean time per level.
                   A        B        C        D        E       F      G
               +--------+--------+--------+--------+--------+-----+--------+
         Total |   3170 |   3117 |     53 |    262 |   2269 |   5 |  634.0 |
       Dungeon |   2880 |   2827 |     53 |    262 |   2139 |   4 |  720.0 |
       Ossuary |    289 |    289 |      0 |      0 |    130 |   1 |  289.0 |
               +--------+--------+--------+--------+--------+-----+--------+

Top non-repeatable levels by time:
     D:2: 1151 daAuts
     D:1: 797 daAuts
     D:3: 708 daAuts
 Ossuary: 289 daAuts
     D:4: 223 daAuts
